cohdb
Replays
Latest Replays
All Replays
Popular Replays
Top Player Replays
Match Explorer
How It Works
Community
CoH3 Stats
Reddit
Sign in to upload your games and track your stats! →
Sign in with Steam
Match 42623299
Unlisted
Match 42623299
Overview
Messages
Build Orders
End
Selects Australian Defense Battlegroup
Selects Australian Light Infantry Section
Australian Light Infantry Section
Royal Engineer Section
Australian Light Infantry Section
Selects 2-pounder Anti-tank Gun Team
Construct Field Infirmary
Vickers Machine Gun Team
Australian Light Infantry Section
Construct Section Command Post
Selects CMP 15cwt Supply Run
Selects Reinforced Resource Caches
Construct Platoon Command Post
سَۨفُـيٰانۨوٰس
plsbenice
0
0
Comments
sign in to comment!
No comments posted yet!